 Dungeon Crawl Stone Soup version 0.29.0-13-gc9e81de378 (webtiles) character file.

Game seed: 10681763444511858985

168 NinjaNoafa the Poker (level 5, 0/61 HPs)
             Began as a Demonspawn Monk on Sept 7, 2022.
             Slain by a river rat (6 damage)
             ... in a sewer.
             The game lasted 00:05:51 (3463 turns).

NinjaNoafa the Poker (Demonspawn Monk)              Turns: 3463, Time: 00:05:52

Health: 0/61       AC: 22    Str: 10 (13) XL:     5   Next: 24%
Magic:  5/5        EV:  2    Int: 11 (12) God:
Gold:   194        SH:  0    Dex: 13 (15) Spells: 4/4 levels left

rFire   . . .      SeeInvis .   a - +0 spear
rCold   + . .      Faith    .   (no shield)
rNeg    . . .      Spirit   .   (body armour currently unavailable)
rPois   +          Reflect  .   (helmet currently unavailable)
rElec   .          Harm     .   (cloak currently unavailable)
rCorr   .          Rampage  .   (gloves currently unavailable)
Will    .....      NoTele   +   (boots currently unavailable)
Stlth   ++........              e - amulet of magic regeneration
HPRegen 0.20/turn               t - ring of protection from cold
MPRegen 0.49/turn               (no ring)

@: brilliant, tree-form
A: stationary, stasis, torment immunity, boosted hp, (horns 1), (molten scales
1), (spiny 1)
a: no special abilities


You were in a sewer.
You were a tree.
You visited 1 branch of the dungeon, and saw 3 of its levels.
You also visited: Sewer.

You collected 194 gold pieces.

Inventory:

Hand Weapons
 a - a +0 spear (weapon)
Missiles
 c - 11 stones
 i - 3 poisoned darts (quivered)
Armour
 l - a +0 ring mail (melded)
Jewellery
 e - an amulet of magic regeneration (around neck)
 h - a ring of fire
 t - a ring of protection from cold (left branch)
Scrolls
 f - a scroll of poison {unknown}
 g - 3 scrolls of teleportation {unknown}
 m - a scroll of noise {unknown}
 p - a scroll of summoning {unknown}
 q - 2 scrolls of vulnerability {unknown}
 r - a scroll of blinking {unknown}
 s - a scroll of amnesia {unknown}
 v - 2 scrolls of enchant armour {unknown}
Potions
 b - 5 potions of flight
 k - a potion of lignification


   Skills:
 - Level 3.0 Fighting
 + Level 4.4 Polearms
 - Level 3.0 Armour
 - Level 2.6 Dodging
 - Level 1.7 Stealth


You had 4 spell levels left.
You didn't know any spells.
Your spell library contained the following spells:

 Spells                   Type           Power      Damage    Failure   Level
 Ensorcelled Hibernation  Hex/Ice        0%         N/A       47%         2
 Passwall                 Tmut/Erth      0%         N/A       47%         2
 Conjure Flame            Conj/Fire      0%         6-21      71%         3
 Ignite Poison            Fire/Tmut/Pois 0%         N/A       71%         3
 Swiftness                Air            0%         N/A       71%         3
 Sticky Flame             Conj/Fire      0%         2d3       98%         4
 Fireball                 Conj/Fire      0%         3d3       100%        5
 Starburst                Conj/Fire      0%         6d3       100%        6
 Ignition                 Fire           0%         3d3       100%        8


Dungeon Overview and Level Annotations

Branches:
Dungeon (3/15)              Sewer (1/1)

Altars:


Innate Abilities, Weirdness & Mutations

You are a tree.
Your roots penetrate the ground, keeping you stationary.
You cannot be teleported.
You are immune to unholy pain and torment.
Your maximum health is greatly increased.
Your equipment is partially melded.
((You have a pair of small horns on your head.))
((You are partially covered in molten scales. (AC +2)))
((You are partially covered in sharp spines.))


Message History

Unknown command.
Reach: a) +0 spear
Press: ? - help, Dir - move target, f/p - river rat
Aim: a river rat (almost dead, about 40% to evade your +0 spear)
You barely miss the river rat.
The river rat is almost dead.
The river rat bites you but does no damage. x2
Unknown command.
Reach: a) +0 spear
Press: ? - help, Dir - move target, f/p - river rat
Aim: a river rat (almost dead, about 40% to evade your +0 spear)
You hit the river rat but do no damage.
You punch the river rat, but do no damage.
The river rat is almost dead.
The river rat bites you but does no damage.
The river rat bites you.
* * * LOW HITPOINT WARNING * * *
Reach: a) +0 spear
Press: ? - help, Dir - move target, f/p - river rat
Aim: a river rat (almost dead, about 40% to evade your +0 spear)
You barely miss the river rat.
The river rat is almost dead.
The river rat bites you but does no damage.
The river rat bites you.
* * * LOW HITPOINT WARNING * * *
Reach: a) +0 spear
Press: ? - help, Dir - move target, f/p - river rat
Aim: a river rat (almost dead, about 40% to evade your +0 spear)
You hit the river rat but do no damage.
The river rat is almost dead.
The river rat bites you but does no damage.
The river rat bites you.
* * * LOW HITPOINT WARNING * * *
Reach: a) +0 spear
Press: ? - help, Dir - move target, f/p - river rat
Aim: a river rat (almost dead, about 40% to evade your +0 spear)
You closely miss the river rat.
The river rat is almost dead.
The river rat bites you.
You die...

#~≈.# +..+ #~≈~#
+..+ #~≈~# #..#
#~≈~# #..# #~≈~#
#..#
#~≈~####†.###
#~≈~##.#..#.#
#~≈~##.'..r.#
#~≈~##.'.♣r.#
#~≈~##.#..#.#
#.≈~####..# #
#~≈.# #~.# #~≈.#
#.~# ≈
#.≈~####~~####~≈
#~≈~~~~~~~~~~~~.
#~≈≈≈≈≈≈~~≈≈≈≈≈≈
#~~~~~.~~.~..~~~


You could see 2 river rats.

Vanquished Creatures
  Jessica (D:2)
  2 river rats
  7 adders
  2 worms
  A dart slug (D:1)
  9 ball pythons
  8 bats
  2 endoplasms
  A giant cockroach (D:3)
  A goblin (D:3)
  4 hobgoblins
  6 jackals
  2 kobolds
  3 quokkas
  4 frilled lizards (Sewer)
  2 rats
55 creatures vanquished.

Notes
Turn   | Place    | Note
-------+----------+-------------------------------------------
     0 | D:1      | NinjaNoafa the Demonspawn Monk began the quest for the Orb.
     0 | D:1      | Reached XP level 1. HP: 18/18 MP: 1/1
    59 | D:1      | Found a faded altar of an unknown god.
   215 | D:1      | Reached skill level 3 in Polearms
   235 | D:1      | Gained mutation: You have a pair of small horns on your
                  | head. [demonic ancestry]
   235 | D:1      | Reached XP level 2. HP: 16/24 MP: 2/2
   433 | D:1      | Reached skill level 1 in Armour
  1571 | D:2      | Noticed Jessica
  1577 | D:2      | Gained mutation: You are partially covered in sharp spines.
                  | [demonic ancestry]
  1577 | D:2      | Reached XP level 3. HP: 26/29 MP: 3/3
  1583 | D:2      | Killed Jessica
  1640 | D:2      | Gained mutation: You are partially covered in molten
                  | scales. (AC +2) [demonic ancestry]
  1640 | D:2      | Reached XP level 4. HP: 31/35 MP: 4/4
  2707 | D:3      | Reached skill level 4 in Polearms
  2819 | D:3      | Found a glowing drain.
  2919 | Sewer    | Entered a sewer
  2934 | Sewer    | Reached XP level 5. HP: 17/41 MP: 5/5
  3463 | Sewer    | Slain by a river rat

Illustrated notes

Levels and vault maps discovered:
D:1:      wheals_arrival_linesprint, layout_basic,
          shapermc_ecumenical_altar_totnotflames
D:2:      layout_rooms, serial_co_window_serial, co_window_corner_a,
          co_window_of_opportunity_a, co_window_paths_a, co_window_corner_a,
          co_window_corner_a, co_window_corner_b, co_window_cross_3,
          co_window_unsneaky_path_c, co_window_broadway_a, co_window_broadway_b,
          co_window_paths_d, glass_columns_c, glass_columns_c, glass_columns_a,
          glass_columns_b, glass_columns_a, kennysheep_flooded_box, uniq_jessica
D:3:      layout_loops_ring, portal_sewer_entry_b
Sewer:    sewer_fruit_machine

Skill      XL: |  1  2  3  4  5 |
---------------+----------------+-----
Polearms       | 3 4 |  4.4
Armour         | 1 2 3 |  3.0
Fighting       | |  3.0
Dodging        | |  2.6
Stealth        | |  1.7

Action                   |  1- 3 |  4- 6 || total
-------------------------+-------+-------++-------
Melee: Spear             |    64 |   132 ||   196
       Punch             |     2 |     1 ||     3
       Headbutt          |     4 |    14 ||    18
  Use: Potion            |     1 |     5 ||     6
       Scroll            |       |     1 ||     1
 Stab: Sleeping          |     3 |     1 ||     4
Armor: Robe              |     9 |       ||     9
       Ring mail         |     2 |    25 ||    27
       Skin              |       |    23 ||    23
Dodge: Dodged            |    44 |    48 ||    92
